[Event "*** Titled Tuesday Blitz"]
[Site "Chess.com"]
[Date "2021.03.02"]
[Round "3"]
[White "iturrizaga"]
[Black "DLR7"]
[Result "1-0"]
[WhiteElo "2850"]
[BlackElo "2620"]
[TimeControl "180+1"]
[EndTime "10:28:37 PST"]
[Termination "iturrizaga won by resignation"]

1. c4 e5 2. g3 Nc6 3. Bg2 Nf6 4. Nc3 Bc5 5. e3 d6 6. Nge2 O-O 7. O-O Bb6 8. d3 Be6 9. Nd5 Bxd5 10. cxd5 Ne7 11. Nc3 c6 12. dxc6 bxc6 13. Bd2 Qd7 14. Rc1 Rac8 15.
Na4 Rfd8 16. b4 Qf5 17. Qb3 Qe6 18. Qb2 Rc7 19. Rc2 Rdc8 20. Rfc1 Qf5 21. Qb3 Ng4 22. Rf1 Nf6 23. h3 Qe6 24. Qa3 e4 25. d4 Nfd5 26. Rfc1 h5 27. h4 Nf6 28. Nc3 Ned5 29. Ne2 Ng4 30.
Qa4 Qd7 31. Bxe4 Ndf6 32. Bg2 Qf5 33. Nf4 g5 34. hxg5 Qxg5 35. Rxc6 h4 36. Rxc7 Rxc7 37. Rxc7 Bxc7 38. Qxa7 Bd8 39. Qb8 Ne8 40. gxh4 Qxh4 41.
Nh3 Kg7 42. a4 d5 43. Qg3 Qh5 44. f3 f5 45. fxg4 fxg4 46. Nf4 Qg5 47. Ne6+ 1-0

[Event "*** Titled Tuesday Blitz"]
[Site "Chess.com"]
[Date "2021.03.02"]
[Round "3"]
[White "Brave_spirit12"]
[Black "shrek4life02"]
[Result "0-1"]
[WhiteElo "2517"]
[BlackElo "2726"]
[TimeControl "180+1"]
[EndTime "10:28:37 PST"]
[Termination "shrek4life02 won by checkmate"]

1. e4 c6 2. Nc3 d5 3. Nf3 dxe4 4. Nxe4 Nf6 5. Nxf6+ exf6 6. Bc4 Bg4 7. O-O Be7 8. h3 Bh5 9. c3 O-O 10. d4 Nd7 11. Bf4 b5 12. Be2 Nb6 13. Bg3 Re8 14.
Re1 Bd6 15. Bxd6 Qxd6 16. Nd2 Bxe2 17. Rxe2 f5 18. Nb3 Nc4 19. Nc5 f4 20. Qe1 Kf8 21. b3 Nb6 22. Qd2 f3 23. Rxe8+ Rxe8 24. Qd3 fxg2 25.
Qxh7 Re2 26. Qh8+ Ke7 27. Qxg7 Qf4 28. Qxg2 Nd5 29. Qf1 Nxc3 30. Re1 Qg5+ 31. Kh2 Qf4+ 32. Kg1 Qf3 33. a4 b4 34. Rxe2+ Nxe2+ 35. Kh2 Qf4+ 36.
Kg2 Nxd4 37. Qe1+ Kf8 38. Qxb4 Qf3+ 39. Kg1 Ne2+ 40. Kf1 Ng3+ 41. Kg1 Qh1# 0-1

[Event "*** Titled Tuesday Blitz"]
[Site "Chess.com"]
[Date "2021.03.02"]
[Round "3"]
[White "tomsishere"]
[Black "fish7728"]
[Result "1-0"]
[WhiteElo "2491"]
[BlackElo "2199"]
[TimeControl "180+1"]
[EndTime "10:28:37 PST"]
[Termination "tomsishere won by resignation"]

1. Nf3 Nf6 2. g3 g6 3. Bg2 Bg7 4. O-O O-O 5. d4 d6 6. b3 c5 7.
Bb2 Nc6 8. c4 cxd4 9. Nxd4 Nxd4 10. Bxd4 Qc7 11. Nc3 a6 12. Bxf6 exf6 13. Qd2 f5 14.
Rfd1 Rd8 15. Rac1 Be6 16. Nd5 Qc5 17. b4 Qa7 18. a4 Rac8 19. a5 Kf8 20. Nb6 Rc7 21.
c5 d5 22. Qf4 Re7 23. Bxd5 Bxd5 24. Rxd5 Rxd5 25. Nxd5 Rxe2 26. Qd6+ Kg8 27. Qd8+ Bf8 28.
Nf6+ Kg7 29. Nd7 Be7 30. Qe8 Re6 31. Qc8 Rc6 32. Qe8 Re6 33. Qc8 Rc6 34. Qb8 Qxb8 35. Nxb8 Rc8 36. Nd7 Rd8 37. Ne5 Rd4 38. c6 bxc6 39.
Nxc6 Re4 40. Nxe7 Rxe7 41. Rc6 Rb7 42. Rb6 Rc7 43. Rxa6 Rc1+ 44. Kg2 1-0

[Event "*** Titled Tuesday Blitz"]
[Site "Chess.com"]
[Date "2021.03.02"]
[Round "3"]
[White "LuisFSiles"]
[Black "ObligatePawnivore"]
[Result "1-0"]
[WhiteElo "2301"]
[BlackElo "1835"]
[TimeControl "180+1"]
[EndTime "10:28:37 PST"]
[Termination "LuisFSiles won on time"]

1. e4 e6 2. d4 d5 3. Nd2 Be7 4. Ngf3 Nf6 5. Bd3 c5 6. c3 cxd4 7. cxd4 dxe4 8. Nxe4 Nc6 9. Nc3 O-O 10. O-O b6 11. Re1 Bb7 12. a3 Rc8 13. Bc2 Qd6 14.
Qd3 g6 15. Bh6 Rfd8 16. Rad1 Nd5 17. Nxd5 Qxd5 18. Bb3 Qh5 19. Bc1 Bf6 20. d5 Na5 21. d6 Nxb3 22. Qxb3 Bd5 23. Qe3 Rxd6 24. Qf4 Be7 25. Ne5 Qf5 26. Qg3 Rdd8 27. Ng4 Qc2 28. Nh6+ Kg7 29. Bd2 Qxb2 30. Qe3 Rc2 31. Bb4 Bxb4 32.
axb4 Qc3 33. Qg5 Qf6 34. Qe3 Rdc8 35. Ng4 Qf5 36. Qh6+ Kg8 37. Qh4 1-0

[Event "*** Titled Tuesday Blitz"]
[Site "Chess.com"]
[Date "2021.03.02"]
[Round "3"]
[White "atalz0"]
[Black "Bigfish1995"]
[Result "0-1"]
[WhiteElo "2472"]
[BlackElo "3122"]
[TimeControl "180+1"]
[EndTime "10:28:38 PST"]
[Termination "Bigfish1995 won on time"]

1. d4 Nf6 2. c4 g6 3. f3 c5 4. d5 d6 5. e4 Bg7 6. Ne2 O-O 7. Nec3 a6 8. Be2 e6 9. a4 exd5 10.
cxd5 Nh5 11. O-O f5 12. exf5 Bd4+ 13. Kh1 Bxf5 14. Na3 Bc8 15. Bh6 Rf7 16. f4 Ng7 17. Bg5 Qf8 18. Nc4 Nd7 19. Ne4 Nf5 20. g4 Ne3 21. Nxe3 Bxe3 22. f5 Bd4 23. fxg6 hxg6 24. Rxf7 Qxf7 25. Qf1 Be5 26. Qxf7+ Kxf7 27. Rf1+ Kg7 28.
Bf4 b5 29. axb5 Bb7 30. Bxe5+ Nxe5 31. Nxd6 Bxd5+ 32. Kg1 Rd8 33. bxa6 Rxd6 34. Rd1 Rd7 35. a7 Ba8 36. Rxd7+ Nxd7 37. Kf2 Nb6 38. Ke3 Nc8 39. Bf3 Bxf3 40. Kxf3 Nxa7 41. Ke4 Nc6 42. Kd5 Nb4+ 43. Kxc5 Nd3+ 44. Kd4 Nxb2 45. h4 Kh6 46. Ke5 Nc4+ 47. Kf6 Ne3 0-1

[Event "*** Titled Tuesday Blitz"]
[Site "Chess.com"]
[Date "2021.03.02"]
[Round "3"]
[White "sara_khm"]
[Black "indfraeng"]
[Result "1-0"]
[WhiteElo "2601"]
[BlackElo "2405"]
[TimeControl "180+1"]
[EndTime "10:28:38 PST"]
[Termination "sara_khm won on time"]

1. d4 d5 2. Nf3 Nf6 3. e3 c5 4. c4 cxd4 5. Nxd4 Nc6 6. Nc3 g6 7. cxd5 Nxd5 8. Nxc6 bxc6 9. Qd4 f6 10. e4 e5 11. Qc4 Nxc3 12. Qxc6+ Bd7 13. Qxc3 Rc8 14. Qd2 h5 15. Be2 Bh6 16. Qd1 Bxc1 17. Rxc1 Qa5+ 18. Kf1 Rxc1 19. Qxc1 Qxa2 20. Bc4 Qa5 21.
Ke2 Ke7 22. Rd1 Qc5 23. b3 a5 24. Rd5 Qc7 25. Qa3+ Ke8 26. Rxa5 Rh7 27. Ra8+ Bc8 28.
Qa6 Kd8 29. Qxf6+ Re7 30. Qxg6 Qb7 31. Qg8+ Kc7 32. Qd5 Qb6 33. Ra5 Bb7 34. Qc5+ Qxc5 35. Rxc5+ Kd6 36. Ra5 Bxe4 37. f3 Bf5 38. Ra6+ Kc5 39.
Rh6 Rg7 40. Rxh5 Bc2 41. Rxe5+ Kb4 42. g4 Rh7 43. Rh5 Re7+ 44. Kf2 Kc3 45. h4 Kd2 46.
Rd5+ Kc3 47. h5 Bh7 48. g5 Bg8 49. Rd6 1-0

[Event "*** Titled Tuesday Blitz"]
[Site "Chess.com"]
[Date "2021.03.02"]
[Round "3"]
[White "Ladislav1969"]
[Black "Synctel"]
[Result "1-0"]
[WhiteElo "2310"]
[BlackElo "2013"]
[TimeControl "180+1"]
[EndTime "10:28:38 PST"]
[Termination "Ladislav1969 won by checkmate"]

1. e4 e6 2. d4 d5 3. e5 c5 4. c3 Nc6 5. Nf3 Bd7 6. a3 Rc8 7. b4 cxd4 8. cxd4 Qb6 9. Be3 Nge7 10. Bd3 Nf5 11. O-O Be7 12. Nbd2 Nxe3 13. fxe3 O-O 14.
Nb3 f6 15. Nc5 Rcd8 16. Qb1 f5 17. Rc1 a6 18. Nxd7 Rxd7 19. b5 axb5 20. Qxb5 Qa7 21. a4 Rc7 22. g3 Rfc8 23. Rcb1 Na5 24. Qb6 Rc1+ 25. Kg2 Qxb6 26. Rxb6 Rxa1 27. Rxe6 Kf7 28.
Bxf5 Ra2+ 29. Kh3 Rc3 30. Rb6 Rxe3 31. Be6+ Ke8 32. Nh4 Bxh4 33. Kxh4 Rxh2+ 34. Kg4 Rg2 35. Bxd5 Rgxg3+ 36. Kf4 Nc6 37. Rxb7 g5+ 38. Kf5 Ne7+ 39. Ke6 Nxd5 40. Kxd5 Ra3 41. Ke6 Rxa4 42. Rb8# 1-0

[Event "*** Titled Tuesday Blitz"]
[Site "Chess.com"]
[Date "2021.03.02"]
[Round "3"]
[White "MaxLeto"]
[Black "cstevens1"]
[Result "0-1"]
[WhiteElo "2414"]
[BlackElo "2623"]
[TimeControl "180+1"]
[EndTime "10:28:39 PST"]
[Termination "cstevens1 won on time"]

1. g4 d5 2. Bg2 c6 3. g5 e5 4. d4 exd4 5. Qxd4 Qb6 6. Nf3 Ne7 7. Nc3 Nf5 8. Qxb6 axb6 9. Bd2 d4 10. Ne4 Be6 11. Ng3 Nxg3 12. hxg3 Bd5 13. Kf1 c5 14. Ne5 Bxg2+ 15. Kxg2 Nd7 16. Nxd7 Kxd7 17. a4 Be7 18. b3 f6 19. gxf6 Bxf6 20. Rad1 Kc6 21. Rh5 g6 22. Rh6 Bg7 23. Rh4 h5 24. Bg5 b5 25.
axb5+ Kxb5 26. e3 Ra2 27. Rd2 Rf8 28. Re4 Rf5 29. Bf4 g5 30. Bd6 Kc6 31. Be7 g4 32.
Re6+ Kd7 33. Re4 b6 34. Bh4 Re5 35. Rf4 Bh6 36. Rf7+ Ke8 37. Rh7 Re6 0-1

[Event "*** Titled Tuesday Blitz"]
[Site "Chess.com"]
[Date "2021.03.02"]
[Round "3"]
[White "Federtiu"]
[Black "whogeeyao"]
[Result "1-0"]
[WhiteElo "2610"]
[BlackElo "2405"]
[TimeControl "180+1"]
[EndTime "10:28:39 PST"]
[Termination "Federtiu won by resignation"]

1. e4 c5 2. Nc3 e6 3. Nge2 Nc6 4. d4 cxd4 5. Nxd4 Qc7 6. g4 a6 7. Bg2 d6 8. h4 Nf6 9. g5 Nd7 10. Nde2 b5 11. a3 Bb7 12. f4 g6 13. h5 Bg7 14.
h6 Bf8 15. Be3 Nb6 16. Qd3 Nc4 17. Bc1 Be7 18. b3 Nb6 19. Bb2 O-O-O 20. O-O-O Rhe8 21. Kb1 b4 22. axb4 Nxb4 23. Qd4 Qc5 24. Ba3 Qxd4 25. Nxd4 Nc6 26. Nxc6 Bxc6 27. Rhe1 Kc7 28. Na2 a5 29. c4 a4 30. Nb4 axb3 31. Nxc6 Kxc6 32. e5+ d5 33. Bxe7 Rxe7 34. Rc1 Kb7 35. Re3 Rc7 36. Rxb3 Rc5 37. cxd5 Rxc1+ 38. Kxc1 exd5 39. Rc3 Rc8 40.
Rxc8 Kxc8 41. f5 gxf5 42. e6 Kd8 43. exf7 Ke7 44. g6 1-0

[Event "*** Titled Tuesday Blitz"]
[Site "Chess.com"]
[Date "2021.03.02"]
[Round "3"]
[White "ViktoriyaTarasova"]
[Black "Pilopa"]
[Result "1-0"]
[WhiteElo "2296"]
[BlackElo "2508"]
[TimeControl "180+1"]
[EndTime "10:28:39 PST"]
[Termination "ViktoriyaTarasova won on time"]

1. d4 Nf6 2. c4 c5 3. d5 b5 4.
cxb5 a6 5. bxa6 g6 6. Nc3 Bg7 7.
Nf3 O-O 8. e4 Qa5 9. Bd2 Bxa6 10. Be2 Qb4 11. Qc2 Bxe2 12. Kxe2 Na6 13. a3 Qb7 14.
Rhe1 c4 15. Be3 Ng4 16. Bd4 Bxd4 17. Nxd4 Nc5 18. f3 Ne5 19. Kf1 Ned3 20. Reb1 Rfb8 21.
Nce2 Qa6 22. a4 Nb3 23. Ra3 Nxd4 24. Nxd4 Rb4 25. Nb5 Rxa4 26. Nc7 Qb6 27. Nxa8 Rxa8 28. Rxa8+ Kg7 29. Rc8 Qe3 30. Rxc4 f6 31. Rc3 Qf4 32.
Rxd3 Qxh2 33. Kf2 Qh4+ 34. Ke2 Qg3 35. Rg1 h5 36. b4 h4 37. Kf1 g5 38. Qf2 Qd6 39. Qb2 Qb6 40. b5 Qc5 41. e5 Qc4 42. Ke2 1-0

[Event "*** Titled Tuesday Blitz"]
[Site "Chess.com"]
[Date "2021.03.02"]
[Round "3"]
[White "Hongjin"]
[Black "RamyresCoelho"]
[Result "1-0"]
[WhiteElo "2479"]
[BlackElo "2059"]
[TimeControl "180+1"]
[EndTime "10:28:39 PST"]
[Termination "Hongjin won on time"]

1. Nf3 Nf6 2. g3 g6 3. Bg2 Bg7 4. O-O O-O 5. b3 d6 6. Bb2 Nc6 7. d4 d5 8. c4 e6 9. Nc3 b6 10.
cxd5 exd5 11. Ne5 Bb7 12. Nxc6 Bxc6 13. Rc1 Bb7 14. e3 Ne4 15. Nxe4 dxe4 16. Qc2 Rc8 17. Bxe4 Bxe4 18. Qxe4 Re8 19. Qb7 a5 20. Rfd1 Qd7 21. Qc6 Qh3 22. Ba3 Bh6 23. Qf3 Re6 24. d5 Re5 25.
Bb2 Rf5 26. Qg2 Qg4 27. d6 c5 28. d7 Rd8 29. Qc6 Qe2 30. Bc3 Qxf2+ 31. Kh1 Rh5 32. Qg2 Qxe3 33. Re1 Qg5 34. Re8+ Bf8 35. Rd1 Qf6 36. Rxd8 1-0

[Event "*** Titled Tuesday Blitz"]
[Site "Chess.com"]
[Date "2021.03.02"]
[Round "3"]
[White "Jungle_Jaguar"]
[Black "K_A_S_T_O_R"]
[Result "1-0"]
[WhiteElo "2615"]
[BlackElo "2783"]
[TimeControl "180+1"]
[EndTime "10:28:40 PST"]
[Termination "Jungle_Jaguar won by resignation"]

1. e4 c5 2. Nf3 d6 3. d4 cxd4 4. Nxd4 Nf6 5. Nc3 a6 6. Be3 e6 7. f3 Nc6 8. Qd2 Be7 9. g4 O-O 10. O-O-O Nxd4 11. Qxd4 b5 12. h4 Rb8 13. e5 dxe5 14.
Qxe5 Nd7 15. Qxb8 Nxb8 16. Rxd8 Rxd8 17. Bd3 Bb7 18. Be4 Nc6 19. h5 h6 20. Rd1 Rxd1+ 21. Kxd1 Na5 22. Bxb7 Nxb7 23. Ne4 Kf8 24. Kd2 Ke8 25.
b3 Kd7 26. Kd3 Kc6 27. Bd4 Bf8 28. g5 hxg5 29. Nxg5 Nd8 30. Nh7 Bd6 31. Bxg7 Bf4 32. Nf6 Nb7 33. h6 Nc5+ 34. Ke2 Bxh6 35. Bxh6 a5 36. Bd2 a4 37. Be3 Nb7 38. Ne4 axb3 39. axb3 f5 40. Ng5 Kd5 41. Kd3 b4 42. f4 Nd6 43.
Nf3 Ne4 44. Ne5 Nf6 45. Nc4 Ne4 46. Nd2 Nc3 47. Nf3 Ne4 48. Bd2 Nc5+ 49. Ke3 Na6 50. Ne1 Kc5 51. Nd3+ Kb5 52. Kd4 Nc7 53. Nxb4 1-0

[Event "*** Titled Tuesday Blitz"]
[Site "Chess.com"]
[Date "2021.03.02"]
[Round "3"]
[White "Chopper1905"]
[Black "ENajer77"]
[Result "0-1"]
[WhiteElo "2935"]
[BlackElo "2611"]
[TimeControl "180+1"]
[EndTime "10:28:40 PST"]
[Termination "ENajer77 won on time"]

1. d4 Nf6 2. c4 e6 3. Nf3 Bb4+ 4. Bd2 c5 5. Bxb4 cxb4 6. e3 O-O 7. Be2 a5 8. O-O b6 9. Nbd2 Bb7 10. Ne1 Qe7 11. Bf3 d5 12. Nd3 Rc8 13. Rc1 Nbd7 14. Re1 h6 15. b3 e5 16. dxe5 Nxe5 17. Nxe5 Qxe5 18.
cxd5 Bxd5 19. Bxd5 Nxd5 20. Nf3 Qe6 21. Nd4 Qf6 22. Qf3 Qxf3 23. gxf3 Nc3 24. Rc2 Rc5 25. Rd2 Rd8 26. Kf1 Rh5 27. Kg2 Rg5+ 28. Kf1 Rgd5 29. Rc2 g6 30. a3 Kg7 31. axb4 axb4 32. Ra1 Ra5 33. Rac1 Rd6 34. h4 Rh5 35. Kg2 Rxh4 36. Ne2 Nxe2 37. Rxe2 Rd3 38. Rb2 Rh5 39. Rc4 Rd1 40. Rxb4 Rg5+ 0-1

[Event "*** Titled Tuesday Blitz"]
[Site "Chess.com"]
[Date "2021.03.02"]
[Round "3"]
[White "NTBT_DHS"]
[Black "Mihnea2017"]
[Result "1/2-1/2"]
[WhiteElo "2760"]
[BlackElo "2458"]
[TimeControl "180+1"]
[EndTime "10:28:40 PST"]
[Termination "Game drawn - insufficient material"]

1. d4 Nf6 2. c4 e6 3. Nf3 d5 4. g3 dxc4 5. Bg2 c5 6. O-O Nc6 7. Qa4 Bd7 8. dxc5 Bxc5 9. Qxc4 Be7 10. Rd1 O-O 11. Nc3 Rc8 12. Bf4 a6 13. Rd2 b5 14. Qd3 Qb6 15. Rad1 Rfd8 16. Qe3 Bc5 17. Qd3 Bxf2+ 18. Kf1 Be8 19. Qb1 Rxd2 20. Rxd2 Be3 21. Bxe3 Qxe3 22. Rd3 Qb6 23. h3 h6 24. g4 Nb4 25. Rd2 Nbd5 26. Qd3 Ne3+ 27. Kg1 Nexg4+ 28. Qd4 Qxd4+ 29. Rxd4 Ne3 30. Rd6 Nxg2 31. Kxg2 Bc6 32. a3 Kf8 33. Kf2 Bxf3 34. exf3 Ra8 35. Rb6 Ra7 36.
b4 Ke7 37. Rb8 Nd7 38. Rc8 Nb6 39. Rc6 Rb7 40. Ne4 Nc4 41. Rxa6 Rd7 42. Ke2 f5 43.
Nc5 Rd2+ 44. Ke1 Ra2 45. Nxe6 Nxa3 46. Kf1 Ra1+ 47. Kg2 Nc2 48. Rxa1 Nxa1 49. Nxg7 Kf6 50.
Ne8+ Ke5 51. Nc7 Nc2 52. Nxb5 Nxb4 53. Kg3 Nd3 54. Nc3 Kd4 55. Nb5+ Ke3 56. Nd6 f4+ 57. Kg4 Ne5+ 58. Kf5 Nxf3 59. Nc4+ Kd4 60. Kxf4 Ng5 61. Nd6 Nxh3+ 62. Kg3 Ng5 63. Nf5+ Ke5 64. Nxh6 1/2-1/2

[Event "*** Titled Tuesday Blitz"]
[Site "Chess.com"]
[Date "2021.03.02"]
[Round "3"]
[White "Pogosian_Manvel"]
[Black "doons21"]
[Result "1-0"]
[WhiteElo "2425"]
[BlackElo "2597"]
[TimeControl "180+1"]
[EndTime "10:28:40 PST"]
[Termination "Pogosian_Manvel won by resignation"]

1. d4 Nf6 2. Nf3 g6 3. c4 Bg7 4. g3 O-O 5. Bg2 d6 6. O-O c6 7. Nc3 Bf5 8. Ne1 Be6 9. b3 d5 10. c5 Bf5 11. Nd3 Nbd7 12. Bf4 Ne4 13. Nxe4 dxe4 14.
Ne5 Nxe5 15. Bxe5 Bxe5 16. dxe5 Qc7 17. Qd4 Rad8 18. Qc3 Rd5 19. e6 fxe6 20. b4 Qe5 21.
Qa3 a6 22. Rac1 Rfd8 23. Qe3 Qd4 24. Qb3 h5 25. a3 Kg7 26. h4 Qe5 27. Rc4 Rd4 28.
Qc3 Kf6 29. Qc1 Rxc4 30. Qxc4 Qd4 31. Qc1 Qd2 32. Qa1+ Kf7 33. e3 Rd5 34. Qh8 Rd8 35. Qh7+ Kf6 36. Qh6 Qd7 37. Qg5+ Kg7 38. Bxe4 Bxe4 39.
Qe5+ Kf7 40. Qxe4 Qd5 41. Qf4+ Qf5 42. Qc7 Rg8 43. Qxb7 g5 44. hxg5 h4 45. Qxc6 Rxg5 46. Qg2 Qg6 47. Kh2 hxg3+ 48. fxg3+ Kg7 49. Qf3 Rf5 50. Qe2 Rh5+ 51. Kg2 Qe4+ 52. Qf3 Qg6 53. Qf8+ Kh7 54. Rf7+ 1-0

[Event "*** Titled Tuesday Blitz"]
[Site "Chess.com"]
[Date "2021.03.02"]
[Round "3"]
[White "shaheus"]
[Black "liczner"]
[Result "0-1"]
[WhiteElo "2445"]
[BlackElo "2756"]
[TimeControl "180+1"]
[EndTime "10:28:41 PST"]
[Termination "liczner won on time"]

1. e4 c6 2. Nf3 d5 3. Nc3 Bg4 4. Qe2 e6 5. exd5 Bxf3 6. Qxf3 cxd5 7. d4 Nc6 8. Ne2 Bd6 9. c3 Nf6 10. Bf4 O-O 11. Ng3 Rb8 12. Be2 b5 13. a3 a5 14.
O-O b4 15. axb4 axb4 16. Ra6 Bxf4 17. Qxf4 Ne7 18. Rfa1 Ng6 19. Qd2 Qc7 20. cxb4 Rb7 21. b5 Rfb8 22. h3 h6 23. Rc1 Qf4 24. Qxf4 Nxf4 25.
Bf1 Ne4 26. Nxe4 dxe4 27. Bc4 Nd3 28. Rb1 Nb4 29. Ra4 Nd5 30. Ra6 Nc7 31. Rc6 Nxb5 32.
Bxb5 Rxb5 33. Rc2 f5 34. Kf1 Rb3 35. Ke2 Kf7 36. f3 exf3+ 37. gxf3 Kf6 38. Rd2 Kg5 39. Rg1+ Kf6 40. Rb1 R8b7 41. h4 Kg6 0-1

[Event "*** Titled Tuesday Blitz"]
[Site "Chess.com"]
[Date "2021.03.02"]
[Round "3"]
[White "GameOverBro"]
[Black "pirulillo"]
[Result "1-0"]
[WhiteElo "2504"]
[BlackElo "2239"]
[TimeControl "180+1"]
[EndTime "10:28:42 PST"]
[Termination "GameOverBro won by resignation"]

1. e4 c5 2. Ne2 e6 3. Nbc3 Nc6 4.
d4 cxd4 5. Nxd4 Nf6 6. Nxc6 bxc6 7. Bd3 d5 8. O-O Be7 9. Re1 O-O 10. e5 Nd7 11.
Qg4 f5 12. exf6 Nxf6 13. Qe2 Bd6 14. Bg5 e5 15. Ba6 e4 16. Bxc8 Rxc8 17. Rad1 Qc7 18. h3 h6 19. Be3 Nd7 20. Qh5 Ne5 21. Bd4 Qf7 22. Qxf7+ Rxf7 23. Na4 Nd7 24. Be3 Rb8 25.
c4 Bb4 26. cxd5 cxd5 27. Re2 Nf6 28. Bd4 Nh5 29. Be5 Rd8 30. Rxe4 Be7 31. Red4 Bf6 32.
Rxd5 Bxe5 33. Rxd8+ Kh7 34. R8d5 Re7 35. Nc5 Nf4 36.
Rd7 Re8 37. Nd3 Nxd3 38. R1xd3 Bb8 39. g3 Re2 40. Rb3 Re1+ 41. Kg2 Re8 42. Rdb7 Be5 43. Rxa7 1-0

[Event "*** Titled Tuesday Blitz"]
[Site "Chess.com"]
[Date "2021.03.02"]
[Round "3"]
[White "Pantata007"]
[Black "DrCeltic"]
[Result "0-1"]
[WhiteElo "2237"]
[BlackElo "2435"]
[TimeControl "180+1"]
[EndTime "10:28:42 PST"]
[Termination "DrCeltic won by checkmate"]

1. d4 d5 2. c4 c6 3. Nc3 Nf6 4.
e3 e6 5. Nf3 Be7 6. Bd3 O-O 7. O-O b6 8. e4 dxe4 9. Nxe4 Nbd7 10.
Re1 Bb7 11. Bf4 Nxe4 12. Bxe4 Nf6 13. Bc2 c5 14. Qd3 Bxf3 15. Qxf3 Qxd4 16. Be5 Qg4 17. Qb7 Rfe8 18. Ba4 Qxc4 19. Bxe8 Rxe8 20. Qxa7 Nd5 21. b3 Qc2 22. Rac1 Qf5 23. a4 Bg5 24. Rcd1 Qc2 25. Bg3 Qxb3 26. Rb1 Qa2 27. Ra1 Qc2 28. a5 bxa5 29. Rxa5 c4 30. Rxd5 h5 31. Rdd1 c3 32.
Be5 Bd2 33. Qd7 Rf8 34. Rf1 Qf5 35. Bxc3 Bxc3 36. Rd3 Bf6 37. Rf3 Qg6 38. h3 h4 39.
Rd1 Rd8 40. Qxd8+ Bxd8 41. Rxd8+ Kh7 42. Rd4 Qb1+ 43. Kh2 Qb8+ 44. g3 hxg3+ 45. Rxg3 Qe5 46. Rg4 g6 47. h4 Qf5 48. Kg2 e5 49. Rg5 Qe4+ 50. Kh2 Kh6 51. R5g4 Qf5 52. Kg2 Kg7 53. Rg5 Qe4+ 54. Kh3 Kf8 55. R5g4 Qh1# 0-1

[Event "*** Titled Tuesday Blitz"]
[Site "Chess.com"]
[Date "2021.03.02"]
[Round "3"]
[White "Maddie"]
[Black "malakismayil"]
[Result "1-0"]
[WhiteElo "2087"]
[BlackElo "2307"]
[TimeControl "180+1"]
[EndTime "10:28:42 PST"]
[Termination "Maddie won by resignation"]

1. d4 Nf6 2. e3 e6 3. Bd3 d5 4.
f4 c5 5. c3 Be7 6. Nf3 O-O 7.
O-O Nc6 8. Nbd2 a6 9. Ne5 Qc7 10. Rf3 b5 11. Rh3 g6 12. Qe1 Kg7 13. Qh4 h5 14. Qg3 Nxe5 15. fxe5 Ng4 16. Be2 Nh6 17. Bxh5 Nf5 18. Qf3 Rh8 19. Bg4 Nh6 20. Nf1 Bb7 21.
e4 Nxg4 22. Qxg4 dxe4 23. Rxh8 Rxh8 24. Ng3 Rh4 25. Qe2 Qb6 26. Be3 b4 27. Rf1 a5 28.
Qf2 Qd8 29. Qxf7+ Kh8 30. Qxg6 Rh7 31. Qxe6 Bc8 32. Qg6 cxd4 33. Bxd4 Qg8 34. e6+ Rg7 35.
Qh6+ Qh7 36. Qxh7+ Kxh7 37. Bxg7 Kxg7 38. Nf5+ Kg6 39. Nxe7+ Kg7 40. Nxc8 bxc3 41. bxc3 1-0

[Event "*** Titled Tuesday Blitz"]
[Site "Chess.com"]
[Date "2021.03.02"]
[Round "3"]
[White "Chernobay_Artem"]
[Black "Leo_C"]
[Result "0-1"]
[WhiteElo "2611"]
[BlackElo "2433"]
[TimeControl "180+1"]
[EndTime "10:28:43 PST"]
[Termination "Leo_C won on time"]

1. d4 d5 2. c4 e6 3. Nc3 c6 4. e4 dxe4 5. Nxe4 Bb4+ 6. Bd2 Qxd4 7. Bxb4 Qxe4+ 8. Be2 a5 9. Bc3 Nh6 10. Bxg7 Qxg2 11.
Bf6 O-O 12. Bf3 Qg6 13. Bc3 f6 14. Ne2 Kh8 15. Qd6 Nd7 16. Rg1 Qf7 17. Bh5 Nf5 18. Bxf7 Nxd6 19. Bxe6 Ne5 20. Bxe5 fxe5 21. Bxc8 Raxc8 22.
O-O-O Rcd8 23. Ng3 Nxc4 24. Rxd8 Rxd8 25. Re1 Rf8 26.
b3 Na3 27. Kb2 Nb5 28. a4 Rxf2+ 29. Kc1 Nd4 30. Rxe5 Nxb3+ 31. Kb1 Nd2+ 32. Kc1 Nb3+ 33. Kb1 Rxh2 34. Re7 Rg2 35. Nf5 h5 36. Rxb7 Rf2 0-1

[Event "*** Titled Tuesday Blitz"]
[Site "Chess.com"]
[Date "2021.03.02"]
[Round "3"]
[White "XanoushX_X"]
[Black "politeplayer"]
[Result "1/2-1/2"]
[WhiteElo "2493"]
[BlackElo "2238"]
[TimeControl "180+1"]
[EndTime "10:28:43 PST"]
[Termination "Game drawn by repetition"]

1. d4 Nf6 2. c4 c5 3. d5 e6 4. Nc3 exd5 5. cxd5 d6 6. e4 g6 7. f4 Bg7 8. Bb5+ Nfd7 9. Be2 Qh4+ 10. g3 Qd8 11. Nf3 O-O 12. O-O Na6 13. f5 Ne5 14.
Nxe5 Bxe5 15. Bh6 Re8 16. Qd2 c4 17. Bxc4 Nc5 18. Rae1 b5 19. Bxb5 Qb6 20. Kg2 Bd7 21. Bxd7 Nxd7 22. fxg6 hxg6 23. Qf2 Qxf2+ 24. Rxf2 Nf6 25.
Bd2 Bxc3 26. Bxc3 Nxe4 27. Rfe2 f5 28. g4 Rec8 29. gxf5 gxf5 30. Re3 Rc5 31. Kf3 Kf7 32.
Rg1 Nxc3 33. Rxc3 Rxc3+ 34. bxc3 Rc8 35. Kf4 Kf6 36. Re1 Rc4+ 37. Kf3 Rxc3+ 38. Re3 Rc2 39. Re6+ Kf7 40. Rxd6 Rxa2 41. Kf4 Rxh2 42. Kxf5 Rf2+ 43. Ke5 Re2+ 44. Kd4 Ra2 45. Kc5 Ke7 46. Rh6 Ra5+ 47. Kd4 Ra1 48. Rh7+ Kd6 49. Rh6+ Kd7 50. Rh7+ Kd6 51.
Rh6+ Kd7 52. Rh7+ Kd6 1/2-1/2

[Event "*** Titled Tuesday Blitz"]
[Site "Chess.com"]
[Date "2021.03.02"]
[Round "3"]
[White "jposthuma"]
[Black "Kozok"]
[Result "0-1"]
[WhiteElo "2717"]
[BlackElo "2456"]
[TimeControl "180+1"]
[EndTime "10:28:44 PST"]
[Termination "Kozok won on time"]

1. d4 Nf6 2. c4 e6 3. g3 d5 4. Bg2 dxc4 5. Nf3 Bb4+ 6. Bd2 a5 7. Qc2 b5 8. Ne5 Ra7 9. O-O Bb7 10. Bxb7 Rxb7 11. a3 Bxd2 12. Qxd2 c6 13. Rd1 O-O 14. Nc3 a4 15. e4 Qb6 16. Qe3 Nbd7 17. Nf3 c5 18. d5 exd5 19. Nxd5 Nxd5 20. Rxd5 Nf6 21.
Rf5 Re8 22. e5 Nd5 23. Qe4 Rd7 24. Ng5 Qg6 25. Re1 h6 26. Nf3 Ne7 27. Rf4 Qxe4 28.
Rfxe4 Nc6 29. e6 Rde7 30. exf7+ Kxf7 31. Rxe7+ Rxe7 32. Rd1 Re2 33. Rd7+ Ke6 34. Rxg7 Rxb2 35. Rg6+ Kd7 36. Rg7+ Kc8 37. Rg6 Kb7 38. Rg7+ Kb6 39. Rg6 c3 40. Ne5 c2 0-1

[Event "*** Titled Tuesday Blitz"]
[Site "Chess.com"]
[Date "2021.03.02"]
[Round "3"]
[White "Piotrek1979"]
[Black "bogcsab"]
[Result "1-0"]
[WhiteElo "2354"]
[BlackElo "2146"]
[TimeControl "180+1"]
[EndTime "10:28:44 PST"]
[Termination "Piotrek1979 won by checkmate"]

1. Nf3 d6 2. g3 e5 3. Bg2 e4 4.
Nd4 c5 5. Nb3 f5 6. d3 exd3 7.
exd3 Nf6 8. O-O Be7 9. Re1 O-O 10. Bg5 h6 11. Bxf6 Bxf6 12. Nc3 Bxc3 13. bxc3 Nc6 14. f4 Qf6 15. c4 Bd7 16. Qf3 Rae8 17. Qd5+ Kh8 18.
a3 b6 19. h4 Nd8 20. Qa8 a5 21. Qa7 a4 22. Nxc5 Qd4+ 23. Kh2 Bc6 24. Nd7 Qf2 25.
Rg1 Re7 26. Qxb6 Rxd7 27. Qxf2 Nf7 28. Bxc6 Rc7 29. Bd5 Nd8 30. Rab1 Rc8 31. Rge1 Rc7 32. Qb6 Rd7 33. Qb8 Kh7 34. Qc8 Ra7 35. Rb8 Ra5 36.
Qxd8 Rxd8 37. Rxd8 Ra7 38. h5 g6 39. hxg6+ Kg7 40.
Re6 h5 41. Kh3 h4 42. Kxh4 Rb7 43. Kg5 Rb8 44. Rd7+ Kh8 45. g7+ Kg8 46. Re8+ Kh7 47. g8=Q# 1-0

[Event "*** Titled Tuesday Blitz"]
[Site "Chess.com"]
[Date "2021.03.02"]
[Round "3"]
[White "gisela_roque"]
[Black "semchik73"]
[Result "1/2-1/2"]
[WhiteElo "1743"]
[BlackElo "2288"]
[TimeControl "180+1"]
[EndTime "10:28:44 PST"]
[Termination "Game drawn by repetition"]

1. c4 e5 2. Nc3 Nf6 3. Nf3 Nc6 4. g3 d5 5. cxd5 Nxd5 6. Bg2 Be6 7. O-O Be7 8. d3 O-O 9. Bd2 Qd7 10. Ng5 Nxc3 11. bxc3 Bd5 12. Nf3 e4 13. dxe4 Bxe4 14. Bf4 Rad8 15.
Qxd7 Rxd7 16. Rad1 Rfd8 17. Rxd7 Rxd7 18. Ne5 Bxg2 19. Kxg2 Nxe5 20. Bxe5 Rd2 21. e3 c6 22.
Rb1 b5 23. Bd4 a6 24. a4 f6 25. axb5 axb5 26. c4 b4 27. c5 Rc2 28. Rxb4 Bxc5 29.
Rb8+ Kf7 30. Bxc5 Rxc5 31. Rb7+ Kg6 32. h4 Rc2 33. g4 h6 34. Kg3 c5 35. Rc7 c4 36. f4 c3 37. Kf3 Rc1 38. Ke4 c2 39. h5+ Kh7 40. Kf5 Re1 41. Rxc2 Rxe3 42. Rc7 Re8 43. g5 fxg5 44. fxg5 Rf8+ 45. Kg4 hxg5 46. Kxg5 Rd8 47. Kg4 Rd5 48. Rb7 Kh6 49. Rb6+ Kh7 50. Rb7 Kg8 51. Rb8+ Kf7 52. Rb7+ Kf6 53. Rb6+ Ke5 54.
Rb7 Kf6 55. Rb6+ Kf7 56. Rb7+ Kg8 57. Rb8+ Kh7 58. Rb7 1/2-1/2